 Dungeon Crawl Stone Soup version 0.28-a0-664-gc179e30c89 (webtiles) character file.

Game seed: 17109407510046918556

39 Johnny the Slasher (level 3, -3/29 HPs)
             Began as a Human Berserker on Oct 16, 2021.
             Was a Believer of Trog.
             Slain by a kobold (5 damage)
             ... on level 2 of the Dungeon.
             The game lasted 00:01:07 (1227 turns).

Johnny the Slasher (Human Berserker)                Turns: 1227, Time: 00:01:07

Health: -3/29      AC:  3    Str: 18    XL:     3   Next: 70%
Magic:  3/3        EV: 12    Int:  7    God:    Trog [**....]
Gold:   50         SH:  0    Dex: 12    Spells: 2/2 levels left

rFire   . . .      SeeInvis .   a - +0 falchion
rCold   . . .      Faith    .   (no shield)
rNeg    . . .      Spirit   .   b - +0 animal skin
rPois   .          Reflect  .   (no helmet)
rElec   .          Harm     .   (no cloak)
rCorr   .          Rampage  .   d - +0 pair of gloves
Will    ++...                   (no boots)
Stlth   +.........              (no amulet)
HPRegen 1.09/turn               (no ring)
MPRegen 0.08/turn               (no ring)

@: lethally poisoned (-3 -> -8), strong-willed, regenerating
A: no striking features
a: Renounce Religion, Berserk, Trog's Hand


You were on level 2 of the Dungeon.
You worshipped Trog.
Trog was pleased with you.
You visited 1 branch of the dungeon, and saw 2 of its levels.

You collected 50 gold pieces.

Inventory:

Hand Weapons
 a - a +0 falchion (weapon)
Armour
 b - a +0 animal skin (worn)
 d - a +0 pair of gloves (worn)
Scrolls
 c - 2 scrolls of identify {unknown}
 f - a scroll of teleportation {unknown}
 g - a scroll of immolation {unknown}
Potions
 e - 2 potions of attraction {unknown}
 h - a potion of degeneration {unknown}


   Skills:
 + Level 3.5 Fighting
 * Level 4.0 Long Blades
 - Level 2.0 Armour
 - Level 2.0 Dodging


You had 2 spell levels left.
You didn't know any spells.
Your spell library was empty.

Dungeon Overview and Level Annotations

Branches:
Dungeon (2/15)

Altars:

Shops:
D:1 (


Message History

A worm is nearby!
A kobold comes into view. It is wielding a +0 short sword.
A scorpion comes into view.
The worm bites you.
You hit the worm.
The worm is moderately wounded.
You slash the worm!
The worm is severely wounded.
The kobold shouts!
You hear an angry hiss.
The worm misses you.
You hit the worm.
The worm is severely wounded.
The worm barely misses you.
You hit the worm but do no damage.
The worm is severely wounded.
You hit the worm but do no damage.
The worm is severely wounded.
The scorpion barely misses you. The worm closely misses you.
You completely miss the worm.
The worm is severely wounded.
The scorpion stings you. x2
You are poisoned.
The scorpion poisons you!
You hit the worm.
You kill the worm!
Trog accepts your kill.
You feel sick. The scorpion stings you!
You are lethally poisoned!
The scorpion poisons you!
You are too injured to fight recklessly!
You are too injured to fight recklessly!
You are too injured to fight recklessly!
There is a lethal amount of poison in your body!
Your skin crawls.
You feel strong-willed.
You feel very sick. The scorpion stings you.
* * * LOW HITPOINT WARNING * * *
The kobold hits you with a +0 short sword.
You die...

## .. .. .. ##. .#
..##.# ....## .##
....###..###
#Ks.........
#@..........
#.#####...........
..................
#######...........
##...<.(.....
##...##......(
###.....###.....
###..).♣....###...
#.............# ..


You could see a scorpion and a kobold.

Vanquished Creatures
  A worm (D:2)
  A dart slug (D:1)
  A ball python (D:1)
  8 bats
  3 endoplasms (D:1)
  A giant cockroach (D:1)
  2 goblins
  4 hobgoblins (D:1)
  5 kobolds (D:1)
  2 frilled lizards (D:1)
  4 rats (D:1)
32 creatures vanquished.

Notes
Turn   | Place    | Note
-------+----------+-------------------------------------------
     0 | D:1      | Johnny the Human Berserker began the quest for the Orb.
     0 | D:1      | Reached XP level 1. HP: 18/18 MP: 1/1
   209 | D:1      | Reached XP level 2. HP: 19/24 MP: 2/2
   354 | D:1      | Found Bymusev's Antique Weapon Emporium.
   820 | D:1      | Reached XP level 3. HP: 29/29 MP: 3/3
  1121 | D:1      | Reached ** piety under Trog
  1196 | D:2      | Reached skill level 4 in Long Blades
  1219 | D:2      | Noticed a scorpion
  1227 | D:2      | Slain by a kobold

Illustrated notes

Levels and vault maps discovered:
D:1:      wander_arrival_chamber, layout_rooms, serial_shops, shop,
          serial_park_tiny_2, minmay_pentomino_z4
D:2:      layout_rooms, grunt_ministairs_12, serial_bayou_crossing

Skill      XL: |  1  2  3 |
---------------+----------+-----
Long Blades    | 4 |  4.0
Fighting       | |  3.5
Armour         | |  2.0
Dodging        | |  2.0

Action                   || total
-------------------------++-------
Melee: Falchion          ||    90
Invok: Trog's Hand       ||     1
 Stab: Sleeping          ||     2
Armor: Animal skin       ||    22
Dodge: Dodged            ||    43

Table legend: (Time is in decaauts)
 A = Elapsed time spent in this place.
 B = Non-inter-level travel time spent in this place.
 C = Inter-level travel time spent in this place.
 D = Time resting spent in this place.
 E = Time spent auto-exploring this place.
 F = Levels seen in this place.
 G = Mean time per level.
                   A        B        C        D        E       F      G
               +--------+--------+--------+--------+--------+-----+--------+
         Total |   1238 |   1236 |      2 |    471 |    546 |   2 |  619.0 |
       Dungeon |   1238 |   1236 |      2 |    471 |    546 |   2 |  619.0 |
               +--------+--------+--------+--------+--------+-----+--------+

Top non-repeatable levels by time:
     D:1: 1199 daAuts
     D:2: 38 daAuts
